[Event "2026 Biel Blitz Open"]
[Site "Biel, CH"]
[Date "2026.07.19"]
[Round "13"]
[White "Schweizer, Samuel"]
[Black "Kelecevic, Nedeljko"]
[Result "1/2-1/2"]
[Board "17"]
[TimeControl "180+2"]
[WhiteFideId "1325353"]
[BlackFideId "14400537"]
[WhiteElo "2006"]
[BlackElo "2150"]
[BlackTitle "IM"]
[WhiteClock "0:00:23"]
[BlackClock "0:00:11"]
[Variant "Standard"]
[EndDate "2026.07.19"]
[EndTime "16:24:30"]

1. e4 e6 2. d4 d5 3. Bd3 dxe4 4. Bxe4 Nf6 5. Bf3 c5 6. c3 cxd4 7. cxd4 Nc6 8. Ne2 Be7 9. O-O O-O 10. g3 Nb4 11. Nbc3 Nbd5 12. Bg2 Bd7 13. Nxd5 Nxd5 14. Bd2 Bc6 15. a3 a5 16. Rc1 Bf6 17. Qb3 a4 18. Qd3 Qd7 19. Rfd1 Bb5 20. Qf3 Bxe2 21. Qxe2 Rac8 22. Rc4 Rxc4 23. Qxc4 Rc8 24. Qd3 h6 25. h4 b5 26. Bf1 Rc4 27. Be3 Qc6 28. Qe4 Nxe3 29. Qxe3 Rc2 30. Bd3 Rxb2 31. Rc1 Qb7 32. d5 Qd7 33. Qe4 g6 34. dxe6 Qxe6 35. Qa8+ Kg7 36. Qb8 Bd4 37. Rf1 Rxf2 38. Rxf2 Qe1+ 39. Kg2 Qxf2+ 40. Kh3 Qg1 41. Qb7 Qe3 42. Qe4 Qxe4 43. Bxe4 b4 44. axb4 a3 45. Bd5 f5 46. Kg2 Kf6 47. Ba2 Ke5 48. Kf3 g5 1/2-1/2

[Event "2026 Biel Blitz Open"]
[Site "Biel, CH"]
[Date "2026.07.19"]
[Round "13"]
[White "Dai, Wenzhi"]
[Black "Hakimifard, Ghazal"]
[Result "1-0"]
[Board "18"]
[TimeControl "180+2"]
[WhiteFideId "8608369"]
[BlackFideId "12506540"]
[WhiteElo "1943"]
[BlackElo "2130"]
[BlackTitle "WGM"]
[WhiteClock "0:00:15"]
[BlackClock "0:00:08"]
[Variant "Standard"]
[EndDate "2026.07.19"]
[EndTime "16:24:38"]

1. e4 c5 2. Nf3 e6 3. c3 Nf6 4. e5 Nd5 5. d4 cxd4 6. cxd4 d6 7. Bc4 Nc6 8. Qe2 Be7 9. O-O O-O 10. Nc3 Nxc3 11. bxc3 Qa5 12. Bd2 dxe5 13. dxe5 b6 14. Bd3 Bb7 15. Qe4 g6 16. Rfe1 Rfd8 17. Qe2 Rd7 18. Bc2 Rad8 19. Bb3 Qa3 20. Bg5 Ba6 21. Qe3 Na5 22. Bxe7 Qxe7 23. Ng5 Rd3 24. Qf4 Rxc3 25. Ne4 Rc5 26. Nxc5 bxc5 27. Rad1 Rc8 28. Bc2 Bb7 29. Rd2 Bd5 30. a4 Nc4 31. Rd3 Kg7 32. Rh3 h5 33. g4 Rh8 34. gxh5 gxh5 35. Rg3+ Kf8 36. Rb1 Qc7 37. Qf6 Qxe5 38. Rb8+ Qxb8 39. Qxh8+ 1-0

[Event "2026 Biel Blitz Open"]
[Site "Biel, CH"]
[Date "2026.07.19"]
[Round "13"]
[White "Ragavan, Samarth Rajesh"]
[Black "Vihaan Dumir"]
[Result "1-0"]
[Board "19"]
[TimeControl "180+2"]
[WhiteFideId "39918106"]
[BlackFideId "25901010"]
[WhiteElo "2101"]
[BlackElo "1965"]
[BlackTitle "CM"]
[WhiteClock "0:00:40"]
[BlackClock "0:00:09"]
[Variant "Standard"]
[EndDate "2026.07.19"]
[EndTime "16:20:24"]

1. d4 e6 2. c4 f5 3. g3 Nf6 4. Bg2 d5 5. Nc3 c6 6. cxd5 exd5 7. Nf3 Bd6 8. O-O O-O 9. Rb1 Qe7 10. a3 a5 11. Bd2 Ne4 12. Qc2 f4 13. Nxe4 dxe4 14. Ne5 Bxe5 15. dxe5 f3 16. exf3 exf3 17. Bh1 Bf5 18. Qb3+ Be6 19. Qc3 Bd5 20. Rfe1 Nd7 21. b4 axb4 22. Rxb4 b5 23. Re3 Nb6 24. Bxf3 Bxf3 25. Rxf3 Nd5 26. Qxc6 Nxb4 27. Bxb4 Qxe5 28. Rxf8+ Rxf8 29. Bxf8 Kxf8 30. Kg2 Qb2 31. Qd6+ Kf7 32. h4 Qe2 33. Qd5+ Ke7 34. Qg5+ Kf7 35. Qf4+ Kg8 36. Qf3 Qc4 37. Qe3 h6 38. Qe8+ Kh7 39. Qe3 Kg8 40. Kf3 Qd5+ 41. Qe4 Qb3+ 42. Kg2 Qxa3 43. Qd5+ Kh8 44. Qxb5 Qa8+ 45. Kh2 Qf3 46. Qe8+ Kh7 47. Qe3 Qf5 48. f3 h5 49. Kg2 Qc2+ 50. Qf2 Qf5 51. Qe2 Kg6 52. Qe4 Qxe4 53. fxe4 Kf6 54. Kf3 Ke5 55. Ke3 g6 56. Kf3 Ke6 57. Kf4 Kf6 58. e5+ Kg7 59. Kg5 Kf7 60. e6+ Kg7 61. e7 Kf7 62. e8=Q+ Kxe8 63. Kxg6 Ke7 64. Kxh5 Kf7 65. Kg5 Kg7 66. h5 1-0

[Event "2026 Biel Blitz Open"]
[Site "Biel, CH"]
[Date "2026.07.19"]
[Round "13"]
[White "Matsumura, Cocoro"]
[Black "Harish, Neeraj"]
[Result "0-1"]
[Board "20"]
[TimeControl "180+2"]
[WhiteFideId "36087114"]
[BlackFideId "30958130"]
[WhiteElo "2131"]
[BlackElo "1920"]
[WhiteTitle "CM"]
[BlackTitle "CM"]
[WhiteClock "0:00:20"]
[BlackClock "0:00:14"]
[Variant "Standard"]
[EndDate "2026.07.19"]
[EndTime "16:20:50"]

1. e4 e5 2. Nf3 Nc6 3. Bb5 a6 4. Ba4 Nf6 5. O-O d6 6. c3 Bd7 7. d4 g6 8. d5 Ne7 9. Bxd7+ Nxd7 10. c4 Bg7 11. Nc3 O-O 12. Be3 h6 13. b4 f5 14. Rc1 Nf6 15. exf5 gxf5 16. Ne1 Ng4 17. Bd2 Qe8 18. h3 Nf6 19. f4 e4 20. Be3 Nh5 21. c5 Qg6 22. Ne2 Ng3 23. Rf2 Nxe2+ 24. Rxe2 Rac8 25. Rec2 Qf7 26. Rd2 Kh7 27. Nc2 Rg8 28. Bd4 Bxd4+ 29. Rxd4 Rg3 30. Qd2 Rcg8 31. Ne3 Rxh3 32. cxd6 cxd6 33. Rc7 Rg7 34. Rxb7 Qh5 35. Kf2 Qh4+ 36. Ke2 Qxf4 37. Rxe7 Rxe3+ 38. Qxe3 Qg4+ 39. Kf2 Rxe7 40. g3 Rc7 41. Rd2 Kg6 42. Qf4 Qxf4+ 43. gxf4 Rc4 44. Rb2 Rd4 45. a4 Rxd5 46. b5 axb5 47. axb5 Rc5 48. b6 Rc8 49. Ke3 Kf6 0-1

[Event "2026 Biel Blitz Open"]
[Site "Biel, CH"]
[Date "2026.07.19"]
[Round "13"]
[White "Rohrer, Christophe"]
[Black "Python, Noe"]
[Result "1-0"]
[Board "21"]
[TimeControl "180+2"]
[WhiteFideId "1326546"]
[BlackFideId "1337637"]
[WhiteElo "2216"]
[BlackElo "2010"]
[WhiteTitle "FM"]
[WhiteClock "0:00:18"]
[BlackClock "0:00:05"]
[Variant "Standard"]
[EndDate "2026.07.19"]
[EndTime "16:21:22"]

1. e4 d6 2. d4 Nf6 3. Nc3 e5 4. Nge2 c6 5. g3 b5 6. a3 Be7 7. Bg2 Nbd7 8. O-O Bb7 9. h3 a5 10. Be3 b4 11. Nb1 exd4 12. Nxd4 c5 13. Nf5 O-O 14. Nd2 d5 15. exd5 Nxd5 16. Nc4 Nxe3 17. Nfxe3 Bxg2 18. Kxg2 Bf6 19. axb4 axb4 20. Qd5 Ne5 21. Rxa8 Qxd5+ 22. Nxd5 Rxa8 23. Nxf6+ gxf6 24. Ne3 Ra2 25. b3 Nc6 26. Rc1 Nd4 27. Kf1 Kg7 28. Ke1 f5 29. Kd1 Kf6 30. Nd5+ Ke5 31. Nf4 Ke4 32. Nd3 Kd5 33. Nf4+ Ke4 34. Nd3 Kf3 35. Nxc5 Kxf2 36. Nd3+ Kxg3 37. Nxb4 f4 38. Nxa2 f3 39. Kd2 f2 40. Nc3 Kg2 41. Ne4 f1=Q 42. Rxf1 Kxf1 43. Ng5 f5 44. Nxh7 f4 45. Ng5 f3 46. Nxf3 Nxf3+ 47. Ke3 Ne5 48. h4 Kg2 49. h5 Kg3 50. Ke4 Nd7 51. Kd4 Kg4 52. h6 Nf6 53. b4 Kg5 54. b5 Kxh6 55. b6 Kg6 56. b7 Nd7 57. Kd5 Kf7 58. Kd6 Nb8 59. c4 Ke8 60. c5 Kd8 61. c6 Na6 62. c7+ 1-0

[Event "2026 Biel Blitz Open"]
[Site "Biel, CH"]
[Date "2026.07.19"]
[Round "13"]
[White "Schweizer, Simon"]
[Black "Dietiker, Manuel"]
[Result "1-0"]
[Board "22"]
[TimeControl "180+2"]
[WhiteFideId "1325361"]
[BlackFideId "1317377"]
[WhiteElo "2182"]
[BlackElo "2002"]
[WhiteClock "0:01:30"]
[BlackClock "0:00:15"]
[Variant "Standard"]
[EndDate "2026.07.19"]
[EndTime "16:27:20"]

1. e4 c5 2. Nf3 e6 3. d4 cxd4 4. Nxd4 Nc6 5. Nc3 Qc7 6. g3 Nf6 7. Bg2 a6 8. O-O d6 9. Re1 Be7 10. Nxc6 bxc6 11. e5 dxe5 12. Rxe5 O-O 13. Re1 Rd8 14. Qf3 Nd5 15. Ne4 Rb8 16. a3 c5 17. c4 Nb6 18. b3 Bb7 19. Bf4 e5 20. Be3 Bxe4 21. Qxe4 Nd7 22. Qc2 Nf8 23. Bd5 Bf6 24. Rab1 Nd7 25. h4 Nb6 26. Be4 g6 27. h5 Bg7 28. hxg6 hxg6 29. Bg2 Rd6 30. Rec1 Rc8 31. b4 Nd7 32. b5 Nb6 33. a4 axb5 34. cxb5 c4 35. a5 Nd5 36. Bxd5 Rxd5 37. a6 Bf8 38. b6 Qb8 39. b7 1-0

[Event "2026 Biel Blitz Open"]
[Site "Biel, CH"]
[Date "2026.07.19"]
[Round "13"]
[White "Floure, Alexan"]
[Black "Gireada, Daniel"]
[Result "1-0"]
[Board "23"]
[TimeControl "180+2"]
[WhiteFideId "1346610"]
[BlackFideId "1206451"]
[WhiteElo "1960"]
[BlackElo "2148"]
[WhiteClock "0:00:06"]
[BlackClock "0:00:05"]
[Variant "Standard"]
[EndDate "2026.07.19"]
[EndTime "16:27:59"]

1. d4 Nf6 2. c4 g6 3. Nc3 d5 4. cxd5 Nxd5 5. Na4 Bg7 6. e4 Nb6 7. Be3 O-O 8. Nf3 Nxa4 9. Qxa4 c5 10. Rd1 Bd7 11. Qb3 cxd4 12. Bxd4 Qc7 13. Bxg7 Kxg7 14. Be2 Nc6 15. O-O Rad8 16. Rfe1 Kg8 17. h3 Be6 18. Qc3 Qb6 19. Nh2 Qa5 20. Qxa5 Nxa5 21. b3 Nc6 22. Nf3 f6 23. Kf1 Kg7 24. h4 Nb4 25. Nd4 Bf7 26. Nb5 Nxa2 27. Ra1 Bxb3 28. Reb1 Bf7 29. Rb2 a6 30. Nc7 Nc3 31. Bf3 Rc8 32. Rxb7 Bc4+ 33. Kg1 Ne2+ 34. Bxe2 Bxe2 35. Ne6+ Kf7 36. Nxf8 Rxf8 37. Ra2 Bb5 38. Rc2 Re8 39. Rcc7 Ke6 40. f3 h6 41. Kf2 f5 42. Ke3 fxe4 43. fxe4 Kf6 44. Rb6+ e6 45. Rh7 h5 46. Rbb7 Rd8 47. Rhf7+ Ke5 48. Rg7 Rd3+ 49. Kf2 Rd2+ 50. Kg3 Kxe4 51. Rxg6 e5 52. Re7 Bf1 53. Kh2 a5 54. Rg5 Rd5 55. Ra7 Kf4 56. Rxh5 Be2 57. Rg5 Bd3 58. Rf7+ Ke4 59. Ra7 Kf4 60. Rgg7 Be4 61. h5 Rd6 62. Raf7+ Ke3 63. Re7 Kd4 64. Rg5 Rd5 65. h6 a4 66. Ra7 a3 1-0

[Event "2026 Biel Blitz Open"]
[Site "Biel, CH"]
[Date "2026.07.19"]
[Round "13"]
[White "Langner, Robin"]
[Black "Haugner, Jan"]
[Result "1-0"]
[Board "24"]
[TimeControl "180+2"]
[WhiteFideId "34606190"]
[BlackFideId "24655244"]
[WhiteElo "2059"]
[BlackElo "1976"]
[WhiteClock "0:00:12"]
[BlackClock "0:00:06"]
[Variant "Standard"]
[EndDate "2026.07.19"]
[EndTime "16:21:06"]

1. d4 d5 2. c4 e6 3. g3 Nf6 4. Bg2 Bd6 5. Nf3 O-O 6. O-O Nc6 7. b3 dxc4 8. bxc4 e5 9. c5 Be7 10. dxe5 Ne4 11. Be3 Qxd1 12. Rxd1 Nxc5 13. Nc3 Be6 14. Nd5 Bxd5 15. Rxd5 Ne6 16. Rb1 Rad8 17. Rxd8 Nexd8 18. h4 Re8 19. Nd4 Nxd4 20. Bxd4 b6 21. Rc1 Ne6 22. Bb2 Bc5 23. e3 Rd8 24. Bc3 a5 25. Bh3 Kf8 26. Bf5 g6 27. Be4 Ke7 28. Kg2 Ba3 29. Rc2 Nc5 30. Bc6 Rd3 31. Kf3 Bb4 32. Bd4 Rd2 33. Rxd2 Bxd2 34. Bxc5+ bxc5 35. Ke4 Be1 36. Kf3 c4 37. Ke2 Bc3 38. f4 Bb4 39. Bd5 c3 40. Bb3 f6 41. exf6+ Kxf6 42. e4 c5 43. Kf3 c4 44. Bc2 Ba3 45. e5+ Ke7 46. h5 gxh5 47. Bxh7 Bc1 48. Bg6 Bd2 49. Bc2 Be1 50. f5 Bd2 51. Ke4 Be1 52. Kf3 Bd2 53. Ba4 Be1 54. g4 hxg4+ 55. Kxg4 c2 56. Bxc2 Bc3 57. Kf4 Bb2 58. Ke4 Ba1 59. Ba4 Bb2 60. Bb5 c3 61. Ba4 Ba3 62. Bc2 Bc5 63. Kd5 Ba7 64. Bb3 Bb8 65. f6+ Kf8 66. e6 Bg3 67. e7+ 1-0

[Event "2026 Biel Blitz Open"]
[Site "Biel, CH"]
[Date "2026.07.19"]
[Round "13"]
[White "Tkhoruk, Roman"]
[Black "Kwiatkowski, Maciej"]
[Result "0-1"]
[Board "25"]
[TimeControl "180+2"]
[WhiteFideId "34161589"]
[BlackFideId "1360175"]
[WhiteElo "2055"]
[BlackElo "1967"]
[WhiteClock "0:00:08"]
[BlackClock "0:00:53"]
[Variant "Standard"]
[EndDate "2026.07.19"]
[EndTime "16:23:58"]

1. e4 c5 2. Nf3 e6 3. c3 d5 4. e5 Nc6 5. d4 Nge7 6. Bd3 Qb6 7. O-O Bd7 8. dxc5 Qxc5 9. Be3 Qa5 10. b4 Qc7 11. Bd4 Ng6 12. Re1 Nxd4 13. Nxd4 Nxe5 14. Bb5 Nc6 15. Bxc6 bxc6 16. Nd2 Be7 17. N2f3 O-O 18. Ne5 Bf6 19. f4 Rfd8 20. Qg4 c5 21. bxc5 Qxc5 22. Rac1 Rac8 23. Rf1 Qa5 24. Rf3 Qxa2 25. Rh3 Qd2 26. Rf1 Rxc3 27. Qh5 Qxd4+ 28. Kh1 Rxh3 29. Qxf7+ Kh8 30. gxh3 Qe4+ 31. Kg1 Bxe5 32. fxe5 Qg6+ 33. Qxg6 hxg6 34. Ra1 Ra8 35. Ra6 Kg8 36. Kf2 Kf7 37. Ke3 Ke7 38. Kf4 Bb5 39. Ra5 a6 40. Kg5 Kf7 41. h4 Rh8 42. Ra3 Rh5+ 43. Kg4 Rxe5 44. h3 d4 45. h5 gxh5+ 46. Kf4 Rd5 47. h4 d3 48. Ke4 d2 49. Rf3+ Rf5 0-1

[Event "2026 Biel Blitz Open"]
[Site "Biel, CH"]
[Date "2026.07.19"]
[Round "13"]
[White "Aryan Goyal"]
[Black "Stefan, Iulia-Cristiana"]
[Result "0-1"]
[Board "26"]
[TimeControl "180+2"]
[WhiteFideId "366108825"]
[BlackFideId "1273876"]
[WhiteElo "1748"]
[BlackElo "2050"]
[BlackTitle "WFM"]
[WhiteClock "0:00:21"]
[BlackClock "0:00:22"]
[Variant "Standard"]
[EndDate "2026.07.19"]
[EndTime "16:18:52"]

1. e4 e5 2. Nf3 Nc6 3. Bb5 a6 4. Ba4 d6 5. O-O Bd7 6. c3 g6 7. d4 Bg7 8. h3 b5 9. Bc2 Nf6 10. Re1 O-O 11. Nbd2 Re8 12. Nf1 Na5 13. Ng3 c5 14. dxc5 dxc5 15. Qd6 Nc4 16. Qd1 Qc7 17. b3 Nb6 18. Qe2 c4 19. Be3 cxb3 20. axb3 Rec8 21. Rec1 h6 22. Bd3 Be6 23. Nd2 Nfd7 24. c4 bxc4 25. Nxc4 Nxc4 26. Bxc4 Bxc4 27. Rxc4 Qb7 28. Rxc8+ Qxc8 29. Rc1 Qb7 30. Qc4 Rb8 31. Qc7 Bf8 32. Qxb7 Rxb7 33. Rc6 a5 34. Ra6 Rb5 35. Ne2 Nc5 36. Nc1 Nxa6 0-1

[Event "2026 Biel Blitz Open"]
[Site "Biel, CH"]
[Date "2026.07.19"]
[Round "13"]
[White "Xu, Chang(CQ)"]
[Black "Coban, Ege"]
[Result "1-0"]
[Board "27"]
[TimeControl "180+2"]
[WhiteFideId "8641757"]
[BlackFideId "26320304"]
[WhiteElo "2049"]
[BlackElo "1936"]
[WhiteClock "0:00:10"]
[BlackClock "0:00:05"]
[Variant "Standard"]
[EndDate "2026.07.19"]
[EndTime "16:21:35"]

1. e4 c5 2. Nf3 Nc6 3. Bb5 g6 4. O-O Bg7 5. c3 Nh6 6. d4 cxd4 7. cxd4 a6 8. Bc4 O-O 9. Nc3 d6 10. h3 Kh8 11. Bg5 f6 12. Be3 f5 13. Qd2 fxe4 14. Bxh6 exf3 15. Bxg7+ Kxg7 16. Bd5 fxg2 17. Bxg2 e5 18. dxe5 Nxe5 19. Qd5 Qg5 20. f4 Rxf4 21. Rxf4 Qxf4 22. Rf1 Qe3+ 23. Kh2 Bd7 24. Qxd6 Bf5 25. Nd5 Qd4 26. Qf6+ Kh6 27. Rxf5 Re8 28. Nf4 Ng4+ 29. hxg4 Qxf6 30. Rxf6 Kg5 31. Rf7 Kxg4 32. Rxh7 Kxf4 33. Rxb7 Re2 34. a4 a5 35. Rb5 g5 36. Rxa5 Rxb2 37. Rb5 Ra2 38. Rb4+ Kf5 39. Kg3 Ra3+ 40. Bf3 Ra1 41. Rb5+ Kf6 42. a5 Ra4 43. Bb7 Kg6 44. a6 Kf6 45. Rb6+ Kf5 46. Bf3 g4 47. Be2 Ra3+ 48. Kg2 Ra2 49. Kf1 g3 50. Rb5+ Kf4 51. Rb4+ Kf5 52. Bd3+ Ke5 53. Rg4 Ra3 54. Ke2 Ra2+ 55. Ke3 Ra3 56. Rxg3 Kd6 57. Rg6+ Kc7 58. Kd4 Ra4+ 59. Bc4 Ra5 60. Rg7+ Kb8 61. Kc3 Ka8 62. Kb4 Re5 63. Bb5 Re6 64. Ka5 Rd6 65. Kb4 Re6 66. Kc5 Kb8 67. Bc6 Re5+ 68. Kb6 Kc8 69. Rg8+ 1-0

[Event "2026 Biel Blitz Open"]
[Site "Biel, CH"]
[Date "2026.07.19"]
[Round "13"]
[White "Huang,Hsuan-Chen"]
[Black "Liu, Bei"]
[Result "0-1"]
[Board "28"]
[TimeControl "180+2"]
[WhiteFideId "16303121"]
[BlackFideId "8603596"]
[WhiteElo "1833"]
[BlackElo "2170"]
[WhiteClock "0:00:03"]
[BlackClock "0:00:06"]
[Variant "Standard"]
[EndDate "2026.07.19"]
[EndTime "16:19:59"]

1. d4 d5 2. Nf3 Nf6 3. e3 c5 4. c3 e6 5. Bd3 Bd6 6. Nbd2 O-O 7. O-O b6 8. Qe2 Bb7 9. e4 dxe4 10. Nxe4 Nxe4 11. Bxe4 Bxe4 12. Qxe4 Nd7 13. Re1 Nf6 14. Qe2 cxd4 15. Nxd4 h6 16. Be3 Nd5 17. Rad1 Qh4 18. Nf3 Qh5 19. Bc1 Rfd8 20. Qe4 Nf6 21. Qc6 Rac8 22. Qa4 b5 23. Qb3 a6 24. h3 Nd5 25. Nd4 Bc5 26. Re4 Nf6 27. Ree1 e5 28. Nf3 e4 29. Nd4 Qe5 30. Be3 Bd6 31. g3 Qh5 32. h4 Qg4 33. Rd2 Bxg3 34. fxg3 Qxg3+ 35. Kf1 Ng4 36. Rf2 Nxe3+ 37. Rxe3 Qxe3 38. Qxf7+ Kh8 39. Ne6 Qh3+ 40. Ke2 Qd3+ 0-1

[Event "2026 Biel Blitz Open"]
[Site "Biel, CH"]
[Date "2026.07.19"]
[Round "13"]
[White "Habibi, Ali"]
[Black "Berezovskii, Arina"]
[Result "1-0"]
[Board "30"]
[TimeControl "180+2"]
[WhiteFideId "4604393"]
[BlackFideId "34449850"]
[WhiteElo "2116"]
[BlackElo "1851"]
[WhiteTitle "IM"]
[BlackTitle "WCM"]
[WhiteClock "0:01:09"]
[BlackClock "0:00:04"]
[Variant "Standard"]
[EndDate "2026.07.19"]
[EndTime "16:25:34"]

1. Nf3 Nf6 2. g3 b6 3. Bg2 Bb7 4. O-O e6 5. d3 Be7 6. e4 d6 7. Nfd2 O-O 8. e5 Bxg2 9. exf6 Bxf1 10. fxe7 Qxe7 11. Nxf1 f5 12. Nc3 Nd7 13. Qe2 Ne5 14. f4 Ng4 15. Ne3 Nxe3 16. Bxe3 e5 17. Re1 exf4 18. Bxf4 Qxe2 19. Rxe2 Rfe8 20. Rf2 Re1+ 21. Kg2 Rae8 22. h4 Ra1 23. a3 Ree1 24. Nb5 Rg1+ 25. Kf3 Rgf1 26. Nxc7 Rxf2+ 27. Kxf2 Ra2 28. c4 Rxb2+ 29. Ke3 Kf7 30. Bxd6 h6 31. Nb5 a6 32. Nc7 a5 33. Nb5 g5 34. hxg5 hxg5 35. Bc7 Rg2 36. Kf3 Rd2 37. Ke3 Rg2 38. Nc3 Ke6 39. Ne2 a4 40. Bxb6 Rh2 41. d4 Rh8 42. Ba5 Rc8 43. d5+ Ke5 44. Bc3+ Kd6 45. Kd4 Re8 46. Bb4+ Kd7 47. Nc3 f4 48. gxf4 gxf4 49. Ne4 Rc8 50. Be1 f3 51. c5 Rh8 52. c6+ Kc7 53. Bg3+ Kc8 54. d6 Rg8 55. Ke3 Rg4 56. Kxf3 Rg6 57. d7+ Kd8 58. Bh4+ Kc7 59. d8=Q+ Kxc6 60. Qe8+ Kb6 61. Qxg6+ 1-0

[Event "2026 Biel Blitz Open"]
[Site "Biel, CH"]
[Date "2026.07.19"]
[Round "13"]
[White "Filipovic, Branko"]
[Black "Materia, Matteo"]
[Result "1-0"]
[Board "31"]
[TimeControl "180+2"]
[WhiteFideId "14507951"]
[BlackFideId "45150575"]
[WhiteElo "2109"]
[BlackElo "1881"]
[WhiteTitle "IM"]
[WhiteClock "0:01:25"]
[BlackClock "0:00:06"]
[Variant "Standard"]
[EndDate "2026.07.19"]
[EndTime "16:25:02"]

1. d4 Nf6 2. Bf4 d5 3. Nf3 g6 4. e3 Bg7 5. Be2 O-O 6. O-O c5 7. c3 Nc6 8. Nbd2 cxd4 9. exd4 Bf5 10. h3 Rc8 11. Re1 a6 12. a4 Ne4 13. Nxe4 Bxe4 14. Nd2 Bf5 15. Bf3 Qd7 16. Nb3 b6 17. a5 Nxa5 18. Nxa5 bxa5 19. Rxa5 Be6 20. Rxa6 Qb5 21. Qa1 Bd7 22. Ra5 Qb6 23. Bxd5 e6 24. Bf3 Bc6 25. Ra6 1-0

[Event "2026 Biel Blitz Open"]
[Site "Biel, CH"]
[Date "2026.07.19"]
[Round "13"]
[White "Marinkovic, Zoran"]
[Black "Delesenne, Arthur"]
[Result "1-0"]
[Board "33"]
[TimeControl "180+2"]
[WhiteFideId "1346083"]
[BlackFideId "276979"]
[WhiteElo "2037"]
[BlackElo "1789"]
[WhiteClock "0:01:14"]
[BlackClock "0:01:39"]
[Variant "Standard"]
[EndDate "2026.07.19"]
[EndTime "16:25:10"]

1. e4 c5 2. Nf3 Nc6 3. b4 cxb4 4. d4 g6 5. a3 bxa3 6. Bxa3 Bg7 7. Bc4 e6 8. O-O Nge7 9. c3 O-O 10. d5 Ne5 11. Nxe5 Bxe5 12. f4 Qb6+ 13. Kh1 Bg7 14. Bxe7 Re8 15. Bh4 Qe3 16. Qd3 Qc5 17. e5 a6 18. Bf2 Qc7 19. d6 Qb8 20. Bb6 Rf8 21. Nd2 f6 22. Qe4 fxe5 23. fxe5 1-0

[Event "2026 Biel Blitz Open"]
[Site "Biel, CH"]
[Date "2026.07.19"]
[Round "13"]
[White "Trubini, Timon"]
[Black "Osmani, Xhevdet"]
[Result "1-0"]
[Board "34"]
[TimeControl "180+2"]
[WhiteFideId "1347799"]
[BlackFideId "22104569"]
[WhiteElo "1788"]
[BlackElo "1959"]
[WhiteClock "0:01:12"]
[BlackClock "0:01:47"]
[Variant "Standard"]
[EndDate "2026.07.19"]
[EndTime "16:15:14"]

1. e4 c6 2. d4 d5 3. e5 Bf5 4. Nf3 Bc8 5. c4 e6 6. cxd5 cxd5 7. Bd3 Ne7 8. O-O Ng6 9. Nc3 a6 10. Re1 Be7 11. a3 b5 12. g3 O-O 13. h4 Re8 14. Ng5 Bb7 15. Qh5 Bxg5 16. Bxg5 Qc7 17. Rac1 Qd7 18. Qf3 Nc6 19. h5 Nf8 20. Ne2 Rac8 21. h6 g6 22. Qf6 Qd8 23. Qg7# 1-0

[Event "2026 Biel Blitz Open"]
[Site "Biel, CH"]
[Date "2026.07.19"]
[Round "13"]
[White "Havolli, Daut"]
[Black "Jelicic, Hugo"]
[Result "1-0"]
[Board "36"]
[TimeControl "180+2"]
[WhiteFideId "1315200"]
[BlackFideId "1349040"]
[WhiteElo "1950"]
[BlackElo "1804"]
[WhiteClock "0:00:13"]
[BlackClock "0:00:06"]
[Variant "Standard"]
[EndDate "2026.07.19"]
[EndTime "16:28:43"]

1. d4 d5 2. Bf4 c5 3. e3 Nc6 4. Nc3 cxd4 5. exd4 Qa5 6. Nf3 Nf6 7. Bd3 Bg4 8. Be3 e6 9. a3 a6 10. h3 Bh5 11. O-O Qc7 12. Be2 Bd6 13. Bg5 O-O 14. Qd3 Bg6 15. Qd2 Ne4 16. Nxe4 Bxe4 17. c3 f5 18. Ne1 h6 19. Bh4 f4 20. f3 Bf5 21. Bd3 Bxd3 22. Nxd3 Rae8 23. Rae1 Rf5 24. Re2 e5 25. dxe5 Nxe5 26. Nxe5 Rfxe5 27. Rxe5 Rxe5 28. Re1 Qb6+ 29. Bf2 Rxe1+ 30. Qxe1 Qxb2 31. Qe6+ Kh8 32. Qxd6 Qc1+ 33. Kh2 Qxc3 34. Qxd5 Qxa3 35. Qxb7 Qa2 36. Bd4 Qg8 37. Qxa6 Qf8 38. Qd6 Kh7 39. Qxf8 1-0

[Event "2026 Biel Blitz Open"]
[Site "Biel, CH"]
[Date "2026.07.19"]
[Round "13"]
[White "Garcia, Miguel"]
[Black "Pinelli, Gian"]
[Result "0-1"]
[Board "37"]
[TimeControl "180+2"]
[WhiteFideId "1317431"]
[BlackFideId "1348710"]
[WhiteElo "1938"]
[BlackElo "1751"]
[WhiteClock "0:00:05"]
[BlackClock "0:00:12"]
[Variant "Standard"]
[EndDate "2026.07.19"]
[EndTime "16:25:40"]

1. b3 Nf6 2. Bb2 d5 3. e3 c5 4. Nf3 Bg4 5. Be2 e6 6. h3 Bh5 7. O-O Nc6 8. a3 a5 9. c4 Be7 10. d4 b6 11. Ne5 Bxe2 12. Qxe2 Nxe5 13. dxe5 Nd7 14. Nd2 Qc7 15. Nf3 O-O 16. Rfd1 dxc4 17. Qxc4 Rfd8 18. Rd3 Nf8 19. Rad1 Ng6 20. Qc2 Rxd3 21. Rxd3 Rd8 22. Qd1 Rxd3 23. Qxd3 Qd8 24. Qxd8+ Bxd8 25. a4 h6 26. Nd2 Kf8 27. Nc4 Ke7 28. f3 Bc7 29. Kf2 f6 30. exf6+ gxf6 31. Nd2 Ne5 32. Ke2 Nc6 33. Ne4 e5 34. Bc3 Ke6 35. g4 Ne7 36. h4 Nd5 37. Bd2 Bd8 38. Kd3 Be7 39. h5 f5 40. Ng3 fxg4 41. fxg4 Nf6 42. g5 hxg5 43. h6 Nh7 44. e4 Bf8 45. Nf5 g4 46. Be3 Kf6 47. Kc4 Ng5 48. Bxg5+ Kxg5 49. Kb5 Bxh6 50. Kxb6 Bf8 51. Kxa5 Kf4 52. Kb5 Kxe4 53. Nh4 g3 54. Ng2 Kf3 55. Ne1+ Kf2 56. Nd3+ Kf1 57. Nxe5 g2 58. Nf3 Kf2 59. Nh4 0-1

[Event "2026 Biel Blitz Open"]
[Site "Biel, CH"]
[Date "2026.07.19"]
[Round "13"]
[White "Hirt, Markus"]
[Black "Gluckman, David"]
[Result "0-1"]
[Board "38"]
[TimeControl "180+2"]
[WhiteFideId "1302582"]
[BlackFideId "14300010"]
[WhiteElo "1880"]
[BlackElo "2240"]
[BlackTitle "IM"]
[WhiteClock "0:00:27"]
[BlackClock "0:01:18"]
[Variant "Standard"]
[EndDate "2026.07.19"]
[EndTime "16:23:30"]

1. e4 Nf6 2. e5 Nd5 3. d4 d6 4. Nf3 g6 5. Bc4 c6 6. exd6 Qxd6 7. O-O Bg7 8. Re1 O-O 9. Bg5 Be6 10. Bh4 Re8 11. Bg3 Qd7 12. Ne5 Qc8 13. c3 Nd7 14. Nxd7 Qxd7 15. Nd2 Rad8 16. Qb3 b5 17. Bxd5 Bxd5 18. Qc2 Bh6 19. Ne4 Qf5 20. Qe2 Bg7 21. a4 b4 22. a5 bxc3 23. bxc3 e5 24. Nc5 e4 25. Nb7 Rd7 26. Nd6 Rxd6 27. Bxd6 e3 28. fxe3 Bh6 0-1

[Event "2026 Biel Blitz Open"]
[Site "Biel, CH"]
[Date "2026.07.19"]
[Round "13"]
[White "Hirzel, Robin"]
[Black "Gautschi, Rudolf"]
[Result "0-1"]
[Board "39"]
[TimeControl "180+2"]
[WhiteFideId "1342320"]
[BlackFideId "1318489"]
[WhiteElo "2022"]
[BlackElo "1857"]
[WhiteClock "0:00:05"]
[BlackClock "0:00:40"]
[Variant "Standard"]
[EndDate "2026.07.19"]
[EndTime "16:25:27"]

1. e4 g6 2. d4 Bg7 3. c3 d6 4. Bd3 Nf6 5. Ne2 Nc6 6. O-O e5 7. d5 Ne7 8. h3 O-O 9. Be3 Ne8 10. Nd2 f5 11. f4 fxe4 12. Bxe4 Nf6 13. c4 Nxe4 14. Nxe4 Nf5 15. Bd2 exf4 16. Bxf4 Bxb2 17. Rb1 Bg7 18. Bg5 Qe8 19. N2g3 Qe5 20. Bf4 Qd4+ 21. Qxd4 Bxd4+ 22. Kh2 Nxg3 23. Nxg3 Bd7 24. Rxb7 Bb6 25. Bxd6 Rxf1 26. Nxf1 Bxh3 27. Kxh3 cxd6 28. Nd2 Re8 29. a4 Re3+ 30. Nf3 Ra3 31. Kg4 Rxa4 32. Ng5 Rxc4+ 33. Kf3 Rc3+ 34. Kg4 h5+ 35. Kh4 Be3 36. Ne6 Bf2+ 37. Kg5 Rg3+ 38. Kf6 Rxg2 39. Rg7+ Kh8 40. Rd7 Bh4+ 0-1

[Event "2026 Biel Blitz Open"]
[Site "Biel, CH"]
[Date "2026.07.19"]
[Round "13"]
[White "Draude, Theo"]
[Black "El-Mais, Ibaa"]
[Result "1-0"]
[Board "40"]
[TimeControl "180+2"]
[WhiteFideId "34623809"]
[BlackFideId "1312715"]
[WhiteElo "1861"]
[BlackElo "2012"]
[WhiteClock "0:00:16"]
[BlackClock "0:00:04"]
[Variant "Standard"]
[EndDate "2026.07.19"]
[EndTime "16:26:16"]

1. e4 c6 2. d4 d5 3. exd5 cxd5 4. c4 Nf6 5. Nc3 Nc6 6. Nf3 e6 7. c5 b6 8. Bb5 Bd7 9. Bxc6 Bxc6 10. b4 bxc5 11. bxc5 Ne4 12. Nxe4 dxe4 13. Ne5 Bb5 14. Rb1 Qa5+ 15. Bd2 Qa6 16. Rb4 Be7 17. a4 Bd3 18. Qb3 O-O 19. f3 Bf6 20. Nd7 Rfd8 21. Nxf6+ gxf6 22. fxe4 Bxe4 23. Bh6 Bg6 24. h4 Rd5 25. g4 Qc6 26. Rf1 f5 27. h5 fxg4 28. hxg6 hxg6 29. Qg3 a5 30. Qf4 e5 31. Qxf7+ Kh8 32. Qg7# 1-0